 Dungeon Crawl Stone Soup version 0.19-a0-994-g3c636f0 (webtiles) character file.

10 4thArraOfDagon the Skirmisher (level 2, -10/29 HPs)
             Began as a Troll Abyssal Knight on July 15, 2016.
             Was an Initiate of Lugonu.
             Mangled by 4thArraOfDagon's ghost (14 damage)
             ... on level 3 of the Dungeon.
             The game lasted 00:02:31 (389 turns).

4thArraOfDagon the Skirmisher (Troll Abyssal Knight) Turns: 389, Time: 00:02:31

Health: -10/29     AC:  5    Str: 19    XL:     2   Next: 10%
Magic:  2/2        EV: 10    Int: 10    God:    Lugonu [......]
Gold:   38         SH:  0    Dex:  9    Spells: 0 memorised, 1 level left

rFire  . . .     SeeInvis .       - Unarmed
rCold  . . .     Gourm    +     a - +0 robe
rNeg   . . .     Faith    .     (no shield)
rPois  .         Spirit   .     (helmet restricted)
rElec  .         Dismiss  .     (no cloak)
rCorr  .         Reflect  .     (gloves unavailable)
SustAt .         Harm     .     (boots unavailable)
MR     .....                    (no amulet)
Stlth  +.........               g - +2 ring of intelligence
                                e - ring of wizardry

@: not resistant to hostile enchantments, very unstealthy
A: unfitting armour, claws 3, fast metabolism 3, gourmand, regeneration 2,
shaggy fur 1, tough skin 2
a: Renounce Religion


You were on level 3 of the Dungeon.
You worshipped Lugonu.
Lugonu was noncommittal.
You were not hungry.

You visited 1 branch of the dungeon, and saw 3 of its levels.
You visited the Abyss 1 time.

You collected 38 gold pieces.

Inventory:

Armour
 a - a +0 robe (worn)
Jewellery
 e - a ring of wizardry (left claw)
 g - a +2 ring of intelligence (right claw)
Wands
 i - a wand of confusion (1/48)
Potions
 c - a potion of magic {unknown}
 d - a potion of lignification {unknown}
 h - a potion of mutation {unknown}
Comestibles
 b - 2 bread rations


   Skills:
 - Level 2.4 Fighting
 - Level 1.9 Dodging
 * Level 2.4 Unarmed Combat
 + Level 2.0 Invocations


You had one spell level left.
You didn't know any spells.

Dungeon Overview and Level Annotations

Branches:
Dungeon (3/15)

Altars:

Annotations:
D:3 4thArraOfDagon's ghost, weakling TrBe


Innate Abilities, Weirdness & Mutations

You are too large for most types of armour.
You have claws for hands.
Your metabolism is lightning-fast.
You like to eat raw meat.
You heal very quickly.
You are covered in fur. (AC +1)
You have very tough skin. (AC +2)


Message History

You barely miss 4thArraOfDagon's ghost.
Your claw misses 4thArraOfDagon's ghost. 4thArraOfDagon's ghost is almost destroyed. 4thArraOfDagon's ghost hits you!
* * * LOW HITPOINT WARNING * * *
The bat closely misses you.
Unknown command.
Unknown command.
Unknown command.
The bat hits you but does no damage. x2
Unknown command.
You claw the bat!
You kill the bat!
Lugonu accepts your kill.
Your Invocations skill increases to level 2!
Unknown command.
You barely miss 4thArraOfDagon's ghost. 4thArraOfDagon's ghost is almost destroyed. 4thArraOfDagon's ghost hits you!
You die...

....# .....##.##..#
###.# #.#..##.##..#
#.# #.#..##.##..# #†#
#.#..#...#..# ###.#
#.#....#....# ....#
####.##.#...##.#
###.#
##..........###.# #.#
#..W#.##.######.# #.#
#..#.#@.##........#
#.#
#.............#......
..#
###..#.#........#####
... .......#####.###
.# ###.#### .# .. >#
.. .# .#


You could see 4thArraOfDagon's ghost.

Vanquished Creatures
  A dart slug (D:2)
  2 goblins (D:2)
  A hobgoblin (D:1)
  A quokka (D:3)
  A bat (D:3)
  2 giant newts (D:3)
8 creatures vanquished.

Notes
Turn   | Place    | Note
-------+----------+-------------------------------------------
     0 | Abyss:1  | 4thArraOfDagon the Troll Abyssal Knight began the quest for the Orb.
     0 | Abyss:1  | Reached XP level 1. HP: 22/22 MP: 1/1
    79 | Abyss:2  | Noticed an iron imp
    93 | Abyss:2  | Noticed a large abomination
    93 | Abyss:2  | Noticed a rakshasa
    99 | D:1      | Escaped the Abyss
   103 | D:1      | Noticed a vine stalker
   106 | D:1      | Noticed a troll
   106 | D:1      | Noticed a gargoyle
   108 | D:1      | Noticed a merfolk
   108 | D:1      | Noticed a human
   110 | D:1      | Noticed a demonspawn
   112 | D:1      | Noticed a dwarf
   112 | D:1      | Noticed a formicid
   114 | D:1      | Noticed a minotaur
   117 | D:1      | Noticed an ogre
   117 | D:1      | Noticed a demigod
   119 | D:1      | Noticed a halfling
   119 | D:1      | Noticed a tengu
   121 | D:1      | Noticed a ghoul
   123 | D:1      | Noticed a felid
   123 | D:1      | Noticed a vampire
   125 | D:1      | Noticed an octopode
   125 | D:1      | Noticed a naga
   127 | D:1      | Noticed a draconian
   127 | D:1      | Noticed an elf
   129 | D:1      | Noticed a spriggan
   129 | D:1      | Noticed a centaur
   308 | D:3      | Reached XP level 2. HP: 29/29 MP: 2/2
   330 | D:3      | Noticed 4thArraOfDagon's ghost (weakling TrBe)
   389 | D:3      | Mangled by 4thArraOfDagon's ghost

Vault maps used:
D:1:      kb_arrival_jail, serial_corexii_hall, corexii_hall_statues_l,
          corexii_hall_statues_t
D:2:      kennysheep_generic_room_13
D:3:      grunt_temple_overflow_diamond, gup_sewer_entry_bowl,
          makhleb_blood_cavern_becter, uniq_robin
Abyss:1:  minivault_11

Skill      XL: |  1  2 |
---------------+-------+-----
Invocations    | 2 |  2.0
Fighting       | |  2.4
Dodging        | |  1.9
Unarmed Combat | |  2.4

Action                   || total
-------------------------++-------
Melee: Unarmed           ||    34
Invok: Depart the Abyss  ||     1
Evoke: Wand              ||     8
  Use: Scroll            ||     3
 Stab: Confused          ||     1
  Eat: Chunk             ||     4
Armor: Robe              ||     9
Dodge: Dodged            ||    14
